Punishers vs Mulligans
Created - March 15, 2018 at 19:09
Goals
|
Punishers |
2 |
0 |
2 |
4 |
Mulligans |
1 |
3 |
2 |
6 |
|
Shots
|
Punishers |
6 |
12 |
12 |
30 |
Mulligans |
13 |
13 |
11 |
37 |
|
1st period
1. Punishers , Oscar Sundqvist 6 (David Rundblad 38, Miikka Salomaki 10) at 9:21
2. Punishers , Oscar Sundqvist 7 (Jordan Schmaltz 10, Luke Adam 26) at 15:23
3. Mulligans , Nick Bonino 29 (Eric Tangradi 59, Matt Donovan 41) at 16:20
Penalties :
No Penalty
2nd period
4. Mulligans , Nick Bonino 30 (Eric Tangradi 60, Thomas Hickey 36) at 1:06 (PP)
5. Mulligans , Eric Tangradi 42 (Nick Bonino 46, Jonathan Tremblay 26) at 1:55
6. Mulligans , Jonathan Tremblay 31 (Cade Fairchild 10, Nick Bonino 47) at 13:01
Penalties :
Nick Schultz (Pro) for Roughing (Minor) at 0:44, Casey Cizikas (Pro) for Tripping (Minor) at 7:02, Erik Nystrom (Pro) for Hooking (Minor) at 16:06
3rd period
7. Mulligans , Joonas Donskoi 10 (Sven Baertschi 13) at 6:05
8. Punishers , Tanner Glass 31 (Casey Cizikas 34, Mattias Tedenby 40) at 7:51
9. Mulligans , Eric Tangradi 43 (Jonathan Tremblay 27, Matt Donovan 42) at 13:48 (PP)
10. Punishers , Tanner Glass 32 (Mattias Tedenby 41, Nick Schultz 33) at 14:04
Penalties :
Erik Nystrom (Pro) for Holding (Minor) at 13:31, Stefan Elliott (Pro) for Roughing (Minor) at 19:40
Goalie Stats
Niklas Svedberg (Pro), 31 saves from 37 shots - (0.838), L, 24-23-8, 60:00 minutes
Anders Lindback (Rep), 26 saves from 30 shots - (0.867), W, 25-18-2, 60:00 minutes
Players Stats for Punishers
Player Name G A P +/- PIM S H SB GA TA FO MP PP MP PK MP
------------------------------------------------------------------------------------
Carter Ashton 0 0 0 0 0 0 2 0 0 0 0/0 6:14 0:00 0:00
Casey Cizikas 0 1 1 1 2 2 0 1 1 0 15/32 17:56 0:00 0:00
Damon Severson 0 0 0 0 0 1 2 0 1 0 0/0 21:07 0:00 0:00
David Laliberté 0 0 0 -1 0 5 2 0 2 0 0/0 17:14 0:00 1:18
David Rundblad 0 1 1 0 0 1 1 1 0 0 0/0 18:07 0:00 0:19
Erik Nystrom 0 0 0 0 4 1 0 0 1 1 0/0 14:35 0:00 0:00
Garret Ross 0 0 0 -1 0 1 1 0 0 0 0/0 15:30 0:00 0:00
Jordan Schmaltz 0 1 1 0 0 1 1 1 0 0 0/0 15:34 0:00 2:00
Luke Adam 0 1 1 -1 0 1 0 1 0 0 11/19 18:55 0:00 3:06
Mattias Tedenby 0 2 2 1 0 5 1 0 0 3 0/2 17:53 0:00 0:00
Miikka Salomaki 0 1 1 0 0 1 1 0 1 1 0/0 14:57 0:00 0:00
Nick Schultz 0 1 1 0 2 0 1 0 0 1 0/0 24:06 0:00 2:56
Oscar Sundqvist 2 0 2 0 0 3 3 2 1 0 3/7 18:47 0:00 3:06
Radek Faksa 0 0 0 0 0 0 0 0 0 0 1/2 7:12 0:00 0:32
Robbie Earl 0 0 0 0 0 0 0 0 0 0 0/0 1:00 0:00 0:32
Stefan Elliott 0 0 0 0 2 2 2 0 0 3 0/0 26:18 0:00 2:37
Tanner Glass 2 0 2 1 0 6 2 0 1 2 2/4 24:48 0:00 1:18
Trevor Van Riemsdyk 0 0 0 0 0 0 0 0 0 0 0/0 14:46 0:00 2:00
Players Stats for Mulligans
Player Name G A P +/- PIM S H SB GA TA FO MP PP MP PK MP
------------------------------------------------------------------------------------
Anton Lander 0 0 0 -1 0 0 1 3 1 0 4/12 16:27 2:03 0:00
Ben Hutton 0 0 0 1 0 0 0 0 0 0 0/0 12:00 0:00 0:00
Benn Ferriero 0 0 0 -1 0 0 1 1 0 0 0/0 12:09 0:00 0:00
Cade Fairchild 0 1 1 1 0 0 1 1 0 1 0/0 12:00 0:00 0:00
Christoph Bertschy 0 0 0 1 0 1 0 0 0 0 0/4 8:41 0:11 0:00
Cody Goloubef 0 0 0 2 0 0 3 0 0 1 0/0 18:43 2:00 0:00
Darren Dietz 0 0 0 0 0 0 0 0 0 1 0/0 4:53 0:00 0:00
Drayson Bowman 0 0 0 -1 0 3 1 0 1 0 0/0 12:09 0:00 0:00
Eric Tangradi 2 2 4 1 0 5 1 0 2 0 0/1 22:40 2:42 0:00
Jonathan Tremblay 1 2 3 1 0 3 2 0 0 0 1/2 22:40 2:42 0:00
Joonas Donskoi 1 0 1 1 0 4 0 0 0 0 0/0 8:26 0:11 0:00
Logan Shaw 0 0 0 -1 0 2 4 0 1 0 1/2 16:45 2:03 0:00
Matt Beleskey 0 0 0 -1 0 3 0 1 2 0 0/0 16:27 2:03 0:00
Matt Donovan 0 2 2 2 0 1 1 0 2 1 0/0 18:43 2:00 0:00
Matt Niskanen 0 0 0 -3 0 0 2 2 0 1 0/0 29:17 2:56 0:00
Maxime Macenauer 0 0 0 -1 0 2 0 0 0 2 4/5 12:09 0:00 0:00
Nick Bonino 2 2 4 1 0 7 3 1 0 1 24/40 22:54 2:53 0:00
Sven Baertschi 0 1 1 1 0 3 2 0 0 0 0/0 8:33 0:00 0:00
Thomas Hickey 0 1 1 -3 0 3 1 4 2 0 0/0 24:24 2:56 0:00
3 Stars
1 - Nick Bonino (Rep)
2 - Eric Tangradi (Rep)
3 - Jonathan Tremblay (Rep)
Power Play
Punishers - 0 on 0 Attempt(s) - 0.00%
Mulligans - 2 on 5 Attempt(s) - 40.00%
Penalty Kill
Punishers - 3 on 5 Attempt(s) - 60.00%
- Score 0 goal in Penalty Kill
Mulligans - 0 on 0 Attempt(s) - 0.00%
- Score 0 goal in Penalty Kill
Team Stat
Punishers - Hits : 19 - Faceoff Wins : 32 - Blocked Shots : 6 - Penalty Minutes : 10
Mulligans - Hits : 23 - Faceoff Wins : 34 - Blocked Shots : 13 - Penalty Minutes : 0
Official
Referees : Furlatt Eric and Meier Brad
Linesman : Tony Sericolo and Scott Driscoll
Game Notes
No Game Note
Finance
Level 1 -- Attendance: 1469 (73.45%) -- Ticket Income $36,725
Level 2 -- Attendance: 767 (76.70%) -- Ticket Income $9,204
Total Attendance: 2236 (74.53%)
Total Ticket Income: $45,929
Other Income: $2,296
Total Income: $48,225
Punishers
5 vs 5 Forward
Center Left Wing Right Wing Time % Phy DF OF
1 Casey Cizikas Tanner Glass Mattias Tedenby 40 0 2 3
2 Luke Adam Garret Ross David Laliberté 30 0 2 3
3 Oscar Sundqvist Erik Nystrom Miikka Salomaki 20 1 2 2
4 Radek Faksa Tanner Glass Carter Ashton 10 1 2 2
5 vs 5 Defense
Defense Defense Time % Phy DF OF
1 Stefan Elliott Nick Schultz 40 1 2 2
2 Damon Severson David Rundblad 30 1 2 2
3 Trevor Van Riemsdyk Jordan Schmaltz 20 1 2 2
4 Stefan Elliott Damon Severson 10 1 2 2
PowerPlay Forward
Center Left Wing Right Wing Time % Phy DF OF
1 Luke Adam Tanner Glass Mattias Tedenby 60 0 1 4
2 Casey Cizikas Garret Ross David Laliberté 40 0 1 4
PowerPlay Defense
Defense Defense Time % Phy DF OF
1 Stefan Elliott Damon Severson 60 0 2 3
2 Nick Schultz David Rundblad 40 0 2 3
Penalty Kill 4 Players Forward
Center Wing Time % Phy DF OF
1 Luke Adam Oscar Sundqvist 60 0 4 1
2 Tanner Glass David Laliberté 40 0 4 1
Penalty Kill 4 Players Defense
Defense Defense Time % Phy DF OF
1 Stefan Elliott Nick Schultz 60 0 4 1
2 Trevor Van Riemsdyk Jordan Schmaltz 40 0 4 1
Penalty Kill - 3 Players Forward
Forward Time % Phy DF OF
1 Luke Adam 60 0 5 0
2 Oscar Sundqvist 40 0 5 0
Penalty Kill - 3 Players Defense
Defense Defense Time % Phy DF OF
1 Stefan Elliott Nick Schultz 60 0 5 0
2 Trevor Van Riemsdyk Jordan Schmaltz 40 0 5 0
4 vs 4 Forward
Center Wing Time % Phy DF OF
1 Casey Cizikas Mattias Tedenby 60 1 2 2
2 Tanner Glass David Laliberté 40 1 2 2
4 vs 4 Defense
Defense Defense Time % Phy DF OF
1 Stefan Elliott Damon Severson 60 1 2 2
2 Nick Schultz Jordan Schmaltz 40 1 2 2
Last Minutes Offensive
Center Left Wing Right Wing Defense Defense
Luke Adam Tanner Glass Mattias Tedenby Stefan Elliott Damon Severson
Last Minutes Defensive
Center Left Wing Right Wing Defense Defense
Luke Adam Tanner Glass David Laliberté Stefan Elliott Damon Severson
Goaltenders
Starting : Niklas Svedberg
Backup : Louis Domingue
Extra Forwards
Normal : Oscar Sundqvist, Mattias Tedenby, Luke Adam - PP : Oscar Sundqvist, Radek Faksa - PK : Luke Adam
Extra Defensemen
Normal : Jordan Schmaltz, Stefan Elliott, Nick Schultz - PP : Trevor Van Riemsdyk - PK : David Rundblad, Nick Schultz
Penalty Shots
Mattias Tedenby, Luke Adam, Tanner Glass, David Laliberté, Casey Cizikas
Scratches
Dan Bertram (Healthy), Quinton Howden (Healthy), Dylan DeMelo (Healthy), Colton Gillies (Healthy), Zack Hamill (Healthy)
Patrick Wiercioch (Torn Left Knee Ligaments Injury)
Mulligans
5 vs 5 Forward
Center Left Wing Right Wing Time % Phy DF OF
1 Nick Bonino Eric Tangradi Jonathan Tremblay 40 0 2 3
2 Anton Lander Matt Beleskey Logan Shaw 30 0 2 3
3 Maxime Macenauer Drayson Bowman Benn Ferriero 20 0 2 3
4 Christoph Bertschy Sven Baertschi Joonas Donskoi 10 0 2 3
5 vs 5 Defense
Defense Defense Time % Phy DF OF
1 Thomas Hickey Matt Niskanen 40 0 3 2
2 Matt Donovan Cody Goloubef 30 0 3 2
3 Cade Fairchild Ben Hutton 20 0 3 2
4 Darren Dietz Matt Niskanen 10 0 3 2
PowerPlay Forward
Center Left Wing Right Wing Time % Phy DF OF
1 Nick Bonino Eric Tangradi Jonathan Tremblay 60 0 1 4
2 Anton Lander Matt Beleskey Logan Shaw 40 0 1 4
PowerPlay Defense
Defense Defense Time % Phy DF OF
1 Thomas Hickey Matt Niskanen 60 0 2 3
2 Matt Donovan Cody Goloubef 40 0 2 3
Penalty Kill 4 Players Forward
Center Wing Time % Phy DF OF
1 Nick Bonino Eric Tangradi 60 1 2 2
2 Jonathan Tremblay Anton Lander 40 1 2 2
Penalty Kill 4 Players Defense
Defense Defense Time % Phy DF OF
1 Thomas Hickey Matt Niskanen 60 1 4 0
2 Matt Donovan Cody Goloubef 40 1 4 0
Penalty Kill - 3 Players Forward
Forward Time % Phy DF OF
1 Nick Bonino 60 1 3 1
2 Eric Tangradi 40 1 3 1
Penalty Kill - 3 Players Defense
Defense Defense Time % Phy DF OF
1 Thomas Hickey Matt Niskanen 60 1 4 0
2 Matt Donovan Cody Goloubef 40 1 4 0
4 vs 4 Forward
Center Wing Time % Phy DF OF
1 Nick Bonino Eric Tangradi 60 1 2 2
2 Jonathan Tremblay Anton Lander 40 1 2 2
4 vs 4 Defense
Defense Defense Time % Phy DF OF
1 Thomas Hickey Matt Niskanen 60 1 2 2
2 Matt Donovan Cody Goloubef 40 1 2 2
Last Minutes Offensive
Center Left Wing Right Wing Defense Defense
Nick Bonino Eric Tangradi Jonathan Tremblay Thomas Hickey Matt Niskanen
Last Minutes Defensive
Center Left Wing Right Wing Defense Defense
Nick Bonino Eric Tangradi Jonathan Tremblay Thomas Hickey Matt Niskanen
Goaltenders
Starting : Anders Lindback
Backup : Calvin Pickard
Extra Forwards
Normal : Sven Baertschi, Christoph Bertschy, Logan Shaw - PP : Joonas Donskoi, Christoph Bertschy - PK : Logan Shaw
Extra Defensemen
Normal : Cade Fairchild, Ben Hutton, Darren Dietz - PP : Cade Fairchild - PK : Ben Hutton, Darren Dietz
Penalty Shots
Nick Bonino, Eric Tangradi, Jonathan Tremblay, Anton Lander, Maxime Macenauer
Scratches
Reid Boucher (Healthy), Nick Shore (Healthy), Dalton Thrower (Right Forearm Injury), Mario Lucia (Healthy), Adam Lowry (Healthy)
Derek Dorsett (Healthy), Marek Langhamer (Healthy)
% Time on Ice - Punishers
Lines # - Real PCT - Wanted PCT - Time Play
Normal Forward
1 - 33% - 40% - 18:23
2 - 30% - 30% - 16:16
3 - 26% - 20% - 14:11
4 - 11% - 10% - 6:14
Normal Defense
1 - 38% - 40% - 21:11
2 - 33% - 30% - 17:57
3 - 23% - 20% - 12:37
4 - 6% - 10% - 3:19
PP Forward
1 - 0% - 60%
2 - 0% - 40%
PP Defense
1 - 0% - 60%
2 - 0% - 40%
PK Forward
1 - 74% - 60% - 3:38
2 - 26% - 40% - 1:18
PK Defense
1 - 59% - 60% - 2:56
2 - 41% - 40% - 2:00
PK3 Forward
1 - 0% - 60%
2 - 0% - 40%
PK3 Defense
1 - 0% - 60%
2 - 0% - 40%
44 Forward
1 - 0% - 60%
2 - 0% - 40%
44 Defense
1 - 0% - 60%
2 - 0% - 40%
Last Minute Offensive - 0:00
Last Minute Defensive - 0:00
Total
Forward - 60:00
Defense - 60:00
|
% Time on Ice - Mulligans
Lines # - Real PCT - Wanted PCT - Time Play
Normal Forward
1 - 37% - 40% - 20:19
2 - 26% - 30% - 14:24
3 - 22% - 20% - 12:09
4 - 15% - 10% - 8:12
Normal Defense
1 - 39% - 40% - 21:28
2 - 30% - 30% - 16:43
3 - 22% - 20% - 12:00
4 - 9% - 10% - 4:53
PP Forward
1 - 58% - 60% - 2:53
2 - 42% - 40% - 2:03
PP Defense
1 - 59% - 60% - 2:56
2 - 41% - 40% - 2:00
PK Forward
1 - 0% - 60%
2 - 0% - 40%
PK Defense
1 - 0% - 60%
2 - 0% - 40%
PK3 Forward
1 - 0% - 60%
2 - 0% - 40%
PK3 Defense
1 - 0% - 60%
2 - 0% - 40%
44 Forward
1 - 0% - 60%
2 - 0% - 40%
44 Defense
1 - 0% - 60%
2 - 0% - 40%
Last Minute Offensive - 0:00
Last Minute Defensive - 0:00
Total
Forward - 60:00
Defense - 60:00
|
Play by Play
1st period
0:01 of 1st period - Nick Bonino wins face-off versus Casey Cizikas in neutral zone.
1:11 of 1st period - Snap shot by Sven Baertschi.
1:11 of 1st period - Stopped by Niklas Svedberg without a rebound.
1:12 of 1st period - Casey Cizikas wins face-off versus Christoph Bertschy in Punishers zone.
1:51 of 1st period - Garret Ross is hit by Nick Bonino and loses puck.
2:02 of 1st period - Snap shot by Damon Severson.
2:02 of 1st period - Stopped by Anders Lindback with a rebound.
2:30 of 1st period - Snap shot by Drayson Bowman.
2:30 of 1st period - Stopped by Niklas Svedberg without a rebound.
2:31 of 1st period - Jonathan Tremblay wins face-off versus Casey Cizikas in Punishers zone.
2:36 of 1st period - Snap shot by Nick Bonino.
2:36 of 1st period - Shot Misses the Net.
2:38 of 1st period - Snap shot by Jonathan Tremblay.
2:38 of 1st period - Stopped by Niklas Svedberg with a rebound.
2:40 of 1st period - Snap shot by Eric Tangradi.
2:40 of 1st period - Shot Misses the Net.
2:42 of 1st period - Snap shot by Jonathan Tremblay.
2:42 of 1st period - Deflect By Nick Bonino.
2:42 of 1st period - Shot Misses the Net.
2:42 of 1st period - Puck is out of play.
2:43 of 1st period - Luke Adam wins face-off versus Nick Bonino in Punishers zone.
3:34 of 1st period - Cody Goloubef is hit by Oscar Sundqvist.
3:38 of 1st period - Stefan Elliott is hit by Drayson Bowman and loses puck.
4:55 of 1st period - Slapshot by Tanner Glass.
4:55 of 1st period - Stopped by Anders Lindback with a rebound.
6:24 of 1st period - Wrist shot by Eric Tangradi.
6:24 of 1st period - Stopped by Niklas Svedberg without a rebound.
6:25 of 1st period - Radek Faksa wins face-off versus Nick Bonino in Punishers zone.
6:34 of 1st period - Wrist shot by Jonathan Tremblay.
6:34 of 1st period - Shot Blocked by Jordan Schmaltz.
6:48 of 1st period - Jordan Schmaltz is hit by Logan Shaw.
7:38 of 1st period - Snap shot by Tanner Glass.
7:38 of 1st period - Shot Misses the Net.
7:56 of 1st period - Snap shot by Joonas Donskoi.
7:56 of 1st period - Stopped by Niklas Svedberg with a rebound.
8:10 of 1st period - Wrist shot by Luke Adam.
8:10 of 1st period - Shot Blocked by Anton Lander.
8:29 of 1st period - Off-side.
8:30 of 1st period - Maxime Macenauer wins face-off versus Oscar Sundqvist in neutral zone.
8:43 of 1st period - Slapshot by Drayson Bowman.
8:43 of 1st period - Shot Blocked by David Rundblad.
9:09 of 1st period - Snap shot by Miikka Salomaki.
9:09 of 1st period - Shot Misses the Net.
9:11 of 1st period - Slapshot by Damon Severson.
9:11 of 1st period - Shot Misses the Net.
9:13 of 1st period - Slapshot by David Rundblad.
9:13 of 1st period - Shot Misses the Net.
9:15 of 1st period - Slapshot by David Rundblad.
9:15 of 1st period - Shot Blocked by Thomas Hickey.
9:17 of 1st period - Slapshot by David Rundblad.
9:17 of 1st period - Deflect By Miikka Salomaki.
9:17 of 1st period - Stopped by Anders Lindback with a rebound.
9:19 of 1st period - Slapshot by David Rundblad.
9:19 of 1st period - Shot Misses the Net.
9:21 of 1st period - Wrist shot by Oscar Sundqvist.
9:21 of 1st period - Goal by Oscar Sundqvist - Punishers : 1 - Mulligans : 0.
9:22 of 1st period - Nick Bonino wins face-off versus Casey Cizikas in neutral zone.
10:14 of 1st period - Damon Severson is hit by Logan Shaw and loses puck.
10:19 of 1st period - Snap shot by Matt Beleskey.
10:19 of 1st period - Shot Misses the Net.
10:21 of 1st period - Wrist shot by Matt Beleskey.
10:21 of 1st period - Stopped by Niklas Svedberg without a rebound.
10:22 of 1st period - Luke Adam wins face-off versus Nick Bonino in Punishers zone.
10:47 of 1st period - Jordan Schmaltz is hit by Cade Fairchild and loses puck.
10:52 of 1st period - Snap shot by Joonas Donskoi.
10:52 of 1st period - Shot Misses the Net.
11:16 of 1st period - Wrist shot by Drayson Bowman.
11:16 of 1st period - Stopped by Niklas Svedberg with a rebound.
11:18 of 1st period - Slapshot by Thomas Hickey.
11:18 of 1st period - Stopped by Niklas Svedberg without a rebound.
11:19 of 1st period - Nick Bonino wins face-off versus Tanner Glass in Punishers zone.
11:46 of 1st period - Anton Lander is hit by Nick Schultz and loses puck.
13:32 of 1st period - Snap shot by Matt Niskanen.
13:32 of 1st period - Shot Misses the Net.
13:44 of 1st period - Wrist shot by Joonas Donskoi.
13:44 of 1st period - Stopped by Niklas Svedberg without a rebound.
13:45 of 1st period - Oscar Sundqvist wins face-off versus Christoph Bertschy in Punishers zone.
13:45 of 1st period - Oscar Sundqvist is hit by Sven Baertschi.
13:56 of 1st period - Cade Fairchild is hit by Miikka Salomaki and loses puck.
14:17 of 1st period - Wrist shot by Eric Tangradi.
14:17 of 1st period - Shot Misses the Net.
14:54 of 1st period - Snap shot by Maxime Macenauer.
14:54 of 1st period - Stopped by Niklas Svedberg without a rebound.
14:55 of 1st period - Casey Cizikas wins face-off versus Nick Bonino in Punishers zone.
15:00 of 1st period - Thomas Hickey is hit by Tanner Glass and loses puck.
15:21 of 1st period - Slapshot by Jordan Schmaltz.
15:21 of 1st period - Shot Blocked by Anton Lander.
15:23 of 1st period - Snap shot by Oscar Sundqvist.
15:23 of 1st period - Goal by Oscar Sundqvist - Punishers : 2 - Mulligans : 0.
15:24 of 1st period - Nick Bonino wins face-off versus Casey Cizikas in neutral zone.
15:39 of 1st period - Snap shot by Mattias Tedenby.
15:39 of 1st period - Deflect By Casey Cizikas.
15:39 of 1st period - Shot Blocked by Thomas Hickey.
15:39 of 1st period - Puck is out of play.
15:40 of 1st period - Anton Lander wins face-off versus Casey Cizikas in Mulligans zone.
15:53 of 1st period - Wrist shot by Logan Shaw.
15:53 of 1st period - Stopped by Niklas Svedberg with a rebound.
16:20 of 1st period - Wrist shot by Nick Bonino.
16:20 of 1st period - Goal by Nick Bonino - Punishers : 2 - Mulligans : 1.
16:21 of 1st period - Nick Bonino wins face-off versus Casey Cizikas in neutral zone.
16:47 of 1st period - Luke Adam is hit by Logan Shaw and loses puck.
17:47 of 1st period - Slapshot by Jordan Schmaltz.
17:47 of 1st period - Stopped by Anders Lindback without a rebound.
17:48 of 1st period - Casey Cizikas wins face-off versus Christoph Bertschy in Mulligans zone.
18:10 of 1st period - Snap shot by Sven Baertschi.
18:10 of 1st period - Stopped by Niklas Svedberg without a rebound.
18:11 of 1st period - Nick Bonino wins face-off versus Luke Adam in Punishers zone.
18:18 of 1st period - David Laliberté is hit by Jonathan Tremblay and loses puck.
19:05 of 1st period - Drayson Bowman is hit by Oscar Sundqvist and loses puck.
19:43 of 1st period - Ben Hutton is hit by Carter Ashton and loses puck.
Goals for this period are 2 for Punishers vs 1 for Mulligans.
Shots for this period are 6 for Punishers vs 13 for Mulligans.
2nd period
0:01 of 2nd period - Casey Cizikas wins face-off versus Nick Bonino in neutral zone.
0:37 of 2nd period - Backhand shot by Luke Adam.
0:37 of 2nd period - Shot Misses the Net.
0:44 of 2nd period - Minor Penalty to Nick Schultz for Roughing.
0:45 of 2nd period - Luke Adam wins face-off versus Nick Bonino in Punishers zone.
0:49 of 2nd period - Snap shot by Nick Bonino.
0:49 of 2nd period - Stopped by Niklas Svedberg with a rebound.
0:51 of 2nd period - Wrist shot by Eric Tangradi.
0:51 of 2nd period - Shot Blocked by Oscar Sundqvist.
0:53 of 2nd period - Snap shot by Eric Tangradi.
0:53 of 2nd period - Deflect By Jonathan Tremblay.
0:53 of 2nd period - Shot Misses the Net.
0:53 of 2nd period - Puck is out of play.
0:54 of 2nd period - Luke Adam wins face-off versus Nick Bonino in Punishers zone.
0:54 of 2nd period - Luke Adam is hit by Nick Bonino.
1:04 of 2nd period - Wrist shot by Eric Tangradi.
1:04 of 2nd period - Shot Misses the Net.
1:06 of 2nd period - Slapshot by Eric Tangradi.
1:06 of 2nd period - Deflect By Nick Bonino.
1:06 of 2nd period - Goal by Nick Bonino - Punishers : 2 - Mulligans : 2.
1:07 of 2nd period - Nick Bonino wins face-off versus Casey Cizikas in neutral zone.
1:09 of 2nd period - Off-side.
1:10 of 2nd period - Casey Cizikas wins face-off versus Nick Bonino in neutral zone.
1:13 of 2nd period - Snap shot by Mattias Tedenby.
1:13 of 2nd period - Stopped by Anders Lindback without a rebound.
1:14 of 2nd period - Nick Bonino wins face-off versus Casey Cizikas in Mulligans zone.
1:45 of 2nd period - Wrist shot by David Laliberté.
1:45 of 2nd period - Stopped by Anders Lindback without a rebound.
1:46 of 2nd period - Nick Bonino wins face-off versus Casey Cizikas in Mulligans zone.
1:53 of 2nd period - Snap shot by Nick Bonino.
1:53 of 2nd period - Stopped by Niklas Svedberg with a rebound.
1:55 of 2nd period - Wrist shot by Eric Tangradi.
1:55 of 2nd period - Goal by Eric Tangradi - Punishers : 2 - Mulligans : 3.
1:56 of 2nd period - Casey Cizikas wins face-off versus Nick Bonino in neutral zone.
2:21 of 2nd period - Matt Beleskey is hit by David Laliberté and loses puck.
3:51 of 2nd period - Icing by Mattias Tedenby.
3:52 of 2nd period - Casey Cizikas wins face-off versus Anton Lander in Punishers zone.
4:17 of 2nd period - Snap shot by David Laliberté.
4:17 of 2nd period - Stopped by Anders Lindback without a rebound.
4:18 of 2nd period - Nick Bonino wins face-off versus Oscar Sundqvist in Mulligans zone.
4:31 of 2nd period - Wrist shot by Oscar Sundqvist.
4:31 of 2nd period - Stopped by Anders Lindback without a rebound.
4:32 of 2nd period - Casey Cizikas wins face-off versus Anton Lander in Mulligans zone.
4:33 of 2nd period - Snap shot by Mattias Tedenby.
4:33 of 2nd period - Stopped by Anders Lindback without a rebound.
4:34 of 2nd period - Anton Lander wins face-off versus Casey Cizikas in Mulligans zone.
4:47 of 2nd period - Matt Niskanen is hit by Tanner Glass and loses puck.
5:12 of 2nd period - Slapshot by Matt Niskanen.
5:12 of 2nd period - Shot Misses the Net.
5:22 of 2nd period - Snap shot by Erik Nystrom.
5:22 of 2nd period - Stopped by Anders Lindback without a rebound.
5:23 of 2nd period - Maxime Macenauer wins face-off versus Oscar Sundqvist in Mulligans zone.
5:50 of 2nd period - Wrist shot by David Laliberté.
5:50 of 2nd period - Stopped by Anders Lindback with a rebound.
5:52 of 2nd period - Wrist shot by David Laliberté.
5:52 of 2nd period - Stopped by Anders Lindback without a rebound.
5:53 of 2nd period - Luke Adam wins face-off versus Eric Tangradi in Mulligans zone.
6:18 of 2nd period - Nick Bonino is hit by Oscar Sundqvist and loses puck.
6:40 of 2nd period - Icing by Matt Niskanen.
6:41 of 2nd period - Casey Cizikas wins face-off versus Anton Lander in Mulligans zone.
6:44 of 2nd period - Snap shot by Tanner Glass.
6:44 of 2nd period - Stopped by Anders Lindback with a rebound.
7:02 of 2nd period - Minor Penalty to Casey Cizikas for Tripping.
7:03 of 2nd period - Oscar Sundqvist wins face-off versus Nick Bonino in Punishers zone.
7:16 of 2nd period - Slapshot by Thomas Hickey.
7:16 of 2nd period - Stopped by Niklas Svedberg with a rebound.
9:02 of 2nd period - Penalty to Casey Cizikas is over, Casey Cizikas is back on ice.
9:10 of 2nd period - Off-side.
9:11 of 2nd period - Maxime Macenauer wins face-off versus Casey Cizikas in neutral zone.
9:16 of 2nd period - Backhand shot by Drayson Bowman.
9:16 of 2nd period - Stopped by Niklas Svedberg without a rebound.
9:17 of 2nd period - Casey Cizikas wins face-off versus Maxime Macenauer in Punishers zone.
9:50 of 2nd period - Snap shot by Matt Beleskey.
9:50 of 2nd period - Stopped by Niklas Svedberg with a rebound.
10:21 of 2nd period - Icing by Miikka Salomaki.
10:22 of 2nd period - Oscar Sundqvist wins face-off versus Nick Bonino in Punishers zone.
10:31 of 2nd period - Wrist shot by Mattias Tedenby.
10:31 of 2nd period - Stopped by Anders Lindback without a rebound.
10:32 of 2nd period - Nick Bonino wins face-off versus Casey Cizikas in Mulligans zone.
11:03 of 2nd period - Snap shot by Matt Beleskey.
11:03 of 2nd period - Shot Misses the Net.
11:24 of 2nd period - Matt Donovan is hit by Garret Ross and loses puck.
11:45 of 2nd period - Wrist shot by Eric Tangradi.
11:45 of 2nd period - Stopped by Niklas Svedberg with a rebound.
12:26 of 2nd period - Slapshot by Thomas Hickey.
12:26 of 2nd period - Stopped by Niklas Svedberg with a rebound.
12:38 of 2nd period - Matt Donovan is hit by Carter Ashton and loses puck.
12:57 of 2nd period - Snap shot by Nick Bonino.
12:57 of 2nd period - Stopped by Niklas Svedberg with a rebound.
12:59 of 2nd period - Slapshot by Cade Fairchild.
12:59 of 2nd period - Shot Misses the Net.
13:01 of 2nd period - Wrist shot by Jonathan Tremblay.
13:01 of 2nd period - Goal by Jonathan Tremblay - Punishers : 2 - Mulligans : 4.
13:02 of 2nd period - Nick Bonino wins face-off versus Mattias Tedenby in neutral zone.
13:06 of 2nd period - Matt Niskanen is hit by Stefan Elliott and loses puck.
13:31 of 2nd period - Cody Goloubef is hit by Stefan Elliott and loses puck.
14:02 of 2nd period - Snap shot by Eric Tangradi.
14:02 of 2nd period - Stopped by Niklas Svedberg without a rebound.
14:03 of 2nd period - Anton Lander wins face-off versus Casey Cizikas in Punishers zone.
15:21 of 2nd period - Matt Donovan is hit by David Laliberté and loses puck.
15:54 of 2nd period - Snap shot by Matt Donovan.
15:54 of 2nd period - Stopped by Niklas Svedberg with a rebound.
16:06 of 2nd period - Minor Penalty to Erik Nystrom for Hooking.
16:07 of 2nd period - Nick Bonino wins face-off versus Luke Adam in Punishers zone.
16:38 of 2nd period - Oscar Sundqvist is hit by Thomas Hickey and loses puck.
17:02 of 2nd period - Off-side.
17:03 of 2nd period - Tanner Glass wins face-off versus Nick Bonino in neutral zone.
17:40 of 2nd period - Jonathan Tremblay is hit by Jordan Schmaltz and loses puck.
17:45 of 2nd period - Snap shot by David Laliberté.
17:45 of 2nd period - Stopped by Anders Lindback without a rebound.
17:46 of 2nd period - Luke Adam wins face-off versus Anton Lander in Mulligans zone.
18:06 of 2nd period - Penalty to Erik Nystrom is over, Erik Nystrom is back on ice.
18:09 of 2nd period - Stefan Elliott is hit by Benn Ferriero and loses puck.
18:37 of 2nd period - Wrist shot by Casey Cizikas.
18:37 of 2nd period - Shot Blocked by Cade Fairchild.
18:39 of 2nd period - Slapshot by Oscar Sundqvist.
18:39 of 2nd period - Shot Misses the Net.
18:41 of 2nd period - Wrist shot by Casey Cizikas.
18:41 of 2nd period - Stopped by Anders Lindback without a rebound.
18:42 of 2nd period - Logan Shaw wins face-off versus Casey Cizikas in Mulligans zone.
18:54 of 2nd period - Wrist shot by Anton Lander.
18:54 of 2nd period - Shot Blocked by Casey Cizikas.
18:56 of 2nd period - Wrist shot by Logan Shaw.
18:56 of 2nd period - Shot Misses the Net.
Goals for this period are 0 for Punishers vs 3 for Mulligans.
Shots for this period are 12 for Punishers vs 13 for Mulligans.
3rd period
0:01 of 3rd period - Casey Cizikas wins face-off versus Nick Bonino in neutral zone.
0:10 of 3rd period - Wrist shot by Casey Cizikas.
0:10 of 3rd period - Stopped by Anders Lindback without a rebound.
0:11 of 3rd period - Nick Bonino wins face-off versus Casey Cizikas in Mulligans zone.
0:58 of 3rd period - Jordan Schmaltz is hit by Cody Goloubef and loses puck.
1:15 of 3rd period - Snap shot by Carter Ashton.
1:15 of 3rd period - Shot Misses the Net.
2:08 of 3rd period - Wrist shot by Matt Beleskey.
2:08 of 3rd period - Stopped by Niklas Svedberg without a rebound.
2:09 of 3rd period - Nick Bonino wins face-off versus Luke Adam in Punishers zone.
2:14 of 3rd period - Snap shot by Nick Bonino.
2:14 of 3rd period - Shot Misses the Net.
2:23 of 3rd period - Icing by Damon Severson.
2:24 of 3rd period - Anton Lander wins face-off versus Luke Adam in Punishers zone.
2:29 of 3rd period - Snap shot by Logan Shaw.
2:29 of 3rd period - Stopped by Niklas Svedberg without a rebound.
2:30 of 3rd period - Tanner Glass wins face-off versus Anton Lander in Punishers zone.
2:39 of 3rd period - Wrist shot by Mattias Tedenby.
2:39 of 3rd period - Shot Blocked by Thomas Hickey.
2:41 of 3rd period - Snap shot by Tanner Glass.
2:41 of 3rd period - Shot Blocked by Matt Niskanen.
2:45 of 3rd period - Snap shot by Mattias Tedenby.
2:45 of 3rd period - Stopped by Anders Lindback without a rebound.
2:46 of 3rd period - Nick Bonino wins face-off versus Luke Adam in Mulligans zone.
3:13 of 3rd period - Matt Beleskey is hit by Mattias Tedenby and loses puck.
3:36 of 3rd period - Wrist shot by Maxime Macenauer.
3:36 of 3rd period - Stopped by Niklas Svedberg with a rebound.
3:42 of 3rd period - Benn Ferriero is hit by David Rundblad and loses puck.
3:57 of 3rd period - Snap shot by Luke Adam.
3:57 of 3rd period - Stopped by Anders Lindback with a rebound.
3:59 of 3rd period - Slapshot by Trevor Van Riemsdyk.
3:59 of 3rd period - Shot Misses the Net.
5:04 of 3rd period - Snap shot by David Laliberté.
5:04 of 3rd period - Deflect By Garret Ross.
5:04 of 3rd period - Stopped by Anders Lindback with a rebound.
5:54 of 3rd period - Miikka Salomaki is hit by Eric Tangradi and loses puck.
6:05 of 3rd period - Slapshot by Joonas Donskoi.
6:05 of 3rd period - Goal by Joonas Donskoi - Punishers : 2 - Mulligans : 5.
6:06 of 3rd period - Nick Bonino wins face-off versus Tanner Glass in neutral zone.
6:09 of 3rd period - Mattias Tedenby is hit by Matt Donovan and loses puck.
6:23 of 3rd period - Icing by Mattias Tedenby.
6:24 of 3rd period - Casey Cizikas wins face-off versus Anton Lander in Punishers zone.
6:24 of 3rd period - Casey Cizikas is hit by Anton Lander.
7:10 of 3rd period - Slapshot by Nick Schultz.
7:10 of 3rd period - Deflect By Erik Nystrom.
7:10 of 3rd period - Shot Blocked by Benn Ferriero.
7:10 of 3rd period - Puck is out of play.
7:11 of 3rd period - Maxime Macenauer wins face-off versus Oscar Sundqvist in Mulligans zone.
7:11 of 3rd period - Maxime Macenauer is hit by Damon Severson.
7:17 of 3rd period - Erik Nystrom is hit by Cody Goloubef and loses puck.
7:37 of 3rd period - Icing by Mattias Tedenby.
7:38 of 3rd period - Casey Cizikas wins face-off versus Nick Bonino in Punishers zone.
7:49 of 3rd period - Slapshot by Casey Cizikas.
7:49 of 3rd period - Shot Misses the Net.
7:51 of 3rd period - Snap shot by Tanner Glass.
7:51 of 3rd period - Goal by Tanner Glass - Punishers : 3 - Mulligans : 5.
7:52 of 3rd period - Nick Bonino wins face-off versus Casey Cizikas in neutral zone.
8:04 of 3rd period - Wrist shot by Mattias Tedenby.
8:04 of 3rd period - Shot Blocked by Nick Bonino.
9:04 of 3rd period - Slapshot by Trevor Van Riemsdyk.
9:04 of 3rd period - Shot Misses the Net.
9:19 of 3rd period - Icing by Joonas Donskoi.
9:20 of 3rd period - Nick Bonino wins face-off versus Radek Faksa in Mulligans zone.
9:52 of 3rd period - Nick Schultz is hit by Jonathan Tremblay and loses puck.
9:57 of 3rd period - Backhand shot by Nick Bonino.
9:57 of 3rd period - Shot Misses the Net.
10:07 of 3rd period - Snap shot by Jonathan Tremblay.
10:07 of 3rd period - Stopped by Niklas Svedberg with a rebound.
10:09 of 3rd period - Snap shot by Nick Bonino.
10:09 of 3rd period - Stopped by Niklas Svedberg with a rebound.
10:11 of 3rd period - Snap shot by Nick Bonino.
10:11 of 3rd period - Stopped by Niklas Svedberg without a rebound.
10:12 of 3rd period - Casey Cizikas wins face-off versus Logan Shaw in Punishers zone.
10:37 of 3rd period - David Rundblad is hit by Matt Niskanen and loses puck.
11:25 of 3rd period - Slapshot by David Rundblad.
11:25 of 3rd period - Shot Misses the Net.
11:27 of 3rd period - Slapshot by Radek Faksa.
11:27 of 3rd period - Shot Blocked by Matt Beleskey.
11:29 of 3rd period - Wrist shot by Radek Faksa.
11:29 of 3rd period - Shot Blocked by Anton Lander.
11:31 of 3rd period - Slapshot by David Rundblad.
11:31 of 3rd period - Shot Misses the Net.
11:33 of 3rd period - Slapshot by Damon Severson.
11:33 of 3rd period - Shot Misses the Net.
11:35 of 3rd period - Snap shot by Tanner Glass.
11:35 of 3rd period - Shot Misses the Net.
11:37 of 3rd period - Wrist shot by Tanner Glass.
11:37 of 3rd period - Shot Misses the Net.
11:39 of 3rd period - Wrist shot by Tanner Glass.
11:39 of 3rd period - Stopped by Anders Lindback without a rebound.
11:40 of 3rd period - Luke Adam wins face-off versus Jonathan Tremblay in Mulligans zone.
11:53 of 3rd period - Snap shot by Stefan Elliott.
11:53 of 3rd period - Stopped by Anders Lindback without a rebound.
11:54 of 3rd period - Nick Bonino wins face-off versus Luke Adam in Mulligans zone.
12:21 of 3rd period - Erik Nystrom is hit by Logan Shaw and loses puck.
12:28 of 3rd period - Slapshot by Stefan Elliott.
12:28 of 3rd period - Shot Blocked by Matt Niskanen.
12:30 of 3rd period - Snap shot by Oscar Sundqvist.
12:30 of 3rd period - Shot Misses the Net.
13:27 of 3rd period - Thomas Hickey is hit by Damon Severson and loses puck.
13:31 of 3rd period - Minor Penalty to Erik Nystrom for Holding.
13:32 of 3rd period - Luke Adam wins face-off versus Nick Bonino in Punishers zone.
13:38 of 3rd period - Icing by Matt Donovan.
13:39 of 3rd period - Nick Bonino wins face-off versus Luke Adam in Mulligans zone.
13:44 of 3rd period - Slapshot by Matt Donovan.
13:44 of 3rd period - Shot Blocked by Luke Adam.
13:46 of 3rd period - Slapshot by Jonathan Tremblay.
13:46 of 3rd period - Shot Blocked by Oscar Sundqvist.
13:48 of 3rd period - Backhand shot by Eric Tangradi.
13:48 of 3rd period - Goal by Eric Tangradi - Punishers : 3 - Mulligans : 6.
13:49 of 3rd period - Casey Cizikas wins face-off versus Nick Bonino in neutral zone.
14:02 of 3rd period - Slapshot by Mattias Tedenby.
14:02 of 3rd period - Stopped by Anders Lindback with a rebound.
14:04 of 3rd period - Snap shot by Tanner Glass.
14:04 of 3rd period - Goal by Tanner Glass - Punishers : 4 - Mulligans : 6.
14:05 of 3rd period - Nick Bonino wins face-off versus Mattias Tedenby in neutral zone.
14:49 of 3rd period - Snap shot by Mattias Tedenby.
14:49 of 3rd period - Shot Blocked by Thomas Hickey.
14:51 of 3rd period - Slapshot by Stefan Elliott.
14:51 of 3rd period - Deflect By Nick Bonino.
14:51 of 3rd period - Stopped by Anders Lindback with a rebound.
14:53 of 3rd period - Wrist shot by Mattias Tedenby.
14:53 of 3rd period - Shot Misses the Net.
14:55 of 3rd period - Wrist shot by Tanner Glass.
14:55 of 3rd period - Stopped by Anders Lindback without a rebound.
14:56 of 3rd period - Luke Adam wins face-off versus Anton Lander in Mulligans zone.
14:59 of 3rd period - Wrist shot by Luke Adam.
14:59 of 3rd period - Shot Misses the Net.
15:40 of 3rd period - Off-side.
15:41 of 3rd period - Luke Adam wins face-off versus Christoph Bertschy in neutral zone.
15:50 of 3rd period - Slapshot by Sven Baertschi.
15:50 of 3rd period - Stopped by Niklas Svedberg with a rebound.
15:52 of 3rd period - Wrist shot by Joonas Donskoi.
15:52 of 3rd period - Stopped by Niklas Svedberg without a rebound.
15:53 of 3rd period - Nick Bonino wins face-off versus Casey Cizikas in Punishers zone.
16:20 of 3rd period - Garret Ross is hit by Matt Niskanen and loses puck.
17:18 of 3rd period - David Laliberté is hit by Sven Baertschi and loses puck.
17:31 of 3rd period - Wrist shot by Christoph Bertschy.
17:31 of 3rd period - Stopped by Niklas Svedberg with a rebound.
19:15 of 3rd period - David Rundblad is hit by Cody Goloubef and loses puck.
19:40 of 3rd period - Minor Penalty to Stefan Elliott for Roughing.
19:41 of 3rd period - Luke Adam wins face-off versus Anton Lander in Punishers zone.
19:52 of 3rd period - Snap shot by David Rundblad.
19:52 of 3rd period - Deflect By Thomas Hickey.
19:52 of 3rd period - Stopped by Anders Lindback without a rebound.
19:53 of 3rd period - Nick Bonino wins face-off versus Luke Adam in Mulligans zone.
19:58 of 3rd period - Nick Schultz is hit by Nick Bonino.
Goals for this period are 2 for Punishers vs 2 for Mulligans.
Shots for this period are 12 for Punishers vs 11 for Mulligans.
Back to the Top